 Dungeon Crawl Stone Soup version 0.25-a0-435-g4b9beb1024 (webtiles) character file.

Game seed: 3661074881465643503, levelgen mode: deterministic

71471 Kohma the Severer (level 14, 0/135 HPs)
             Began as a Minotaur Berserker on Jan 29, 2020.
             Was a High Priest of Trog.
             Slain by a red ugly thing (18 damage)
             ... on level 13 of the Dungeon.
             The game lasted 01:09:28 (21044 turns).

Kohma the Severer (Minotaur Berserker)             Turns: 21044, Time: 01:09:28

Health: 0/135      AC: 28    Str: 24    XL:     14   Next: 97%
Magic:  13/13      EV: 12    Int:  4    God:    Trog [*****.]
Gold:   1519       SH:  0    Dex: 14    Spells: 13/13 levels left

rFire    . . .     SeeInvis .   a - +0 executioner's axe of the Gnat {vorpal, +Blink rN+ Str-5 Stlth+}
rCold    + + .     Gourm    .   (shield currently unavailable)
rNeg     + . .     Faith    .   n - +2 plate armour {rC+}
rPois    +         Spirit   .   y - +0 hat
rElec    .         Reflect  .   (no cloak)
rCorr    .         Harm     .   g - +1 pair of gloves
MR       +....                  v - +0 pair of boots
Stlth    ..........             q - amulet of regeneration
HPRegen  0.72/turn              U - ring "Wixi" {rPois rC+ Str+2 Dex+4 Stlth+}
MPRegen  0.13/turn              H - +5 ring of protection

@: studying Armour
A: retaliatory headbutt, horns 2
a: Berserk, Trog's Hand, Brothers in Arms, Renounce Religion, Evoke Blink


You were on level 13 of the Dungeon.
You worshipped Trog.
Trog was extremely pleased with you.
You were not hungry.

You visited 3 branches of the dungeon, and saw 21 of its levels.
You also visited: Ice Cave.

You collected 2452 gold pieces.
You spent 933 gold pieces at shops.

Inventory:

Hand Weapons
 a - the +0 executioner's axe of the Gnat (weapon) {vorpal, +Blink rN+ Str-5 Stlth+}
   (Trog gifted it to you on level 10 of the Dungeon)

   It inflicts extra damage upon your enemies.
   It affects your strength (-5).
   It protects you from negative energy.
   It lets you blink.
   It makes you more stealthy.
 Y - a +3 battleaxe of flaming
 Z - a +3 executioner's axe of freezing
Missiles
 d - 5 silver boomerangs
 T - 5 javelins (quivered)
Armour
 g - a +1 pair of gloves (worn)
 l - a +2 chain mail of fire resistance
 n - a +2 plate armour of cold resistance (worn)
 v - a +0 pair of boots (worn)
 y - a +0 hat (worn)
Jewellery
 i - an uncursed ring of protection from magic
 p - an uncursed ring of positive energy
 q - an amulet of regeneration (around neck)
 x - an uncursed ring of protection from magic
 H - a +5 ring of protection (right hand)
 J - an uncursed ring of resist corrosion
 O - an uncursed ring of flight
 P - an uncursed amulet of the acrobat {unknown}
 U - the ring "Wixi" (left hand) {rPois rC+ Str+2 Dex+4 Stlth+}
   (You found it on level 5 of the Lair of Beasts)

   [ring of dexterity]

   It affects your strength (+2).
   It affects your dexterity (+4).
   It protects you from cold.
   It protects you from poison.
   It makes you more stealthy.
Wands
 b - a wand of paralysis (15)
 B - a wand of acid (17)
 C - a wand of flame (35)
 Q - a wand of iceblast (10)
 V - a wand of disintegration (14)
Scrolls
 e - 7 scrolls of remove curse
 h - 5 scrolls of teleportation
 s - a scroll of identify
 z - 5 scrolls of fog
 A - a scroll of magic mapping
 E - 3 scrolls of blinking
 G - 2 scrolls of enchant armour
 K - 3 scrolls of enchant weapon
 L - 4 scrolls of fear
 M - a scroll of holy word
Potions
 f - 13 potions of curing
 j - 2 potions of flight {unknown}
 k - 3 potions of heal wounds
 m - 3 potions of haste
 o - 6 potions of mutation
 r - 5 potions of agility
 t - 9 potions of might
 u - a potion of berserk rage {unknown}
 w - 2 potions of ambrosia
 D - 2 potions of lignification
 F - 3 potions of resistance {unknown}
 I - a potion of cancellation {unknown}
 R - a potion of magic
Books
 S - a manual of Armour
Miscellaneous
 N - a phantom mirror
 X - a phial of floods
Comestibles
 c - 40 rations


   Skills:
 - Level 15.0 Fighting
 * Level 20.4 Axes
 + Level 16.3 Armour
 + Level 7.6 Dodging


You had 13 spell levels left.
You didn't know any spells.
Your spell library was empty.

Dungeon Overview and Level Annotations

Branches:
Dungeon (13/15)            Temple (0/1) D:7            Lair (6/6) D:10
  Swamp (0/4) Lair:3       Spider (0/4) Lair:2        Slime (0/5) Lair:5
    Orc (2/2) D:11            Elf (0/3) Orc:2         IceCv (visited)
 Vaults: D:13-14

Altars:
Hepliaklqana
Kikubaaqudgha
Xom
Jiyva

Shops:
D:4 ?   D:7 *   D:12 [%   Orc:2 *=[(

Portals:
Trove: D:10 (give horn of Geryon)

Annotations:
D:13 Azrael


Innate Abilities, Weirdness & Mutations

You reflexively headbutt those who attack you in melee.
You have a pair of horns on your head.


Message History

You hit Azrael. You headbutt Azrael, but do no damage.
Azrael is moderately wounded.
You hit the red ugly thing.
Azrael hits you with a +2 scimitar of flaming!
* * * LOW HITPOINT WARNING * * *
Azrael burns you.
* * * LOW HITPOINT WARNING * * *
The red ugly thing claws you but does no damage.
A yak comes into view.
You hit Azrael but do no damage.
Azrael is moderately wounded.
Your plate armour prevents you from hitting the red ugly thing.
Azrael hits you with a +2 scimitar of flaming!
* * * LOW HITPOINT WARNING * * *
Azrael burns you.
* * * LOW HITPOINT WARNING * * *
The red ugly thing claws you!
* * * LOW HITPOINT WARNING * * *
You are engulfed in flames!!
You die...

#.........#
#.........#
.#.........#
...........#
#..........#
#.[........#
##.........#
#...(.....#
##+####@..#
#Ru.# .Y..#
.....#
....#.#
.....#.#
....YY#.#
#...Y..#+#


You could see Azrael, a red ugly thing and 4 yaks.

Vanquished Creatures
  Gastronok (Orc:1)
  A frost giant (IceCv)
  2 stone giants
  3 ettins (Orc:2)
  Snorg (Lair:5)
  7 hydras
  A catoblepas (Lair:2)
  4 two-headed ogres
  Urug (Lair:5)
  A wizard (D:12)
  An unseen horror (D:10)
  2 orc knights
  4 oklob plants (Lair:5)
  3 orc sorcerers
  10 cyclopes
  An ugly thing (D:11)
  4 black mambas
  A centaur zombie (D:12)
  An ice statue (IceCv)
  2 elephants
  Psyche (D:8)
  A gargoyle (D:10)
  Maggie (D:8)
  22 spiny frogs
  A rime drake (Lair:1)
  A komodo dragon (Lair:5)
  A guardian mummy (D:10)
  3 trolls
  13 polar bears
  5 tyrant leeches (Lair:6)
  2 bog bodies (Lair:3)
  19 blink frogs
  3 slime creatures (D:12)
  11 hippogriffs
  2 redbacks (Lair:2)
  3 wyverns
  41 yaks
  2 fire elementals (D:13)
  4 hungry ghosts
  3 basilisks
  5 vampire mosquitoes (Lair:6)
  Menkaure (D:4)
  A warg (D:11)
  A soldier ant (D:11)
  3 hell hounds (D:13)
  8 water moccasins
  6 porcupines
  A sky beast (D:8)
  An ice beast (D:5)
  25 orc warriors
  A black bear (D:4)
  2 phantoms (D:6)
  14 ogres
  4 necrophages
  14 wolves
  4 centaurs
  7 crocodiles
  3 big kobolds (D:11)
  28 bullfrogs
  4 scorpions
  A wyvern skeleton (D:6)
  6 killer bees (D:13)
  15 wights
  A howler monkey (D:6)
  4 electric eels
  5 crimson imps
  2 bullfrog zombies (D:12)
  2 quasits
  7 hounds
  5 jellies
  23 orc priests
  2 bullfrog skeletons
  22 orc wizards
  An iguana (D:5)
  Terence (D:3)
  Natasha (thrice) (D:2)
  5 hell rats (Lair:5)
  15 worker ants
  2 worker ant zombies
  3 gnolls (D:9)
  11 adders
  5 shadow imps
  12 white imps (D:12)
  3 oozes
  An adder zombie (D:8)
  3 worms
  3 dart slugs
  8 leopard geckos
  68 orcs
  5 bats
  5 giant cockroaches
  4 goblins
  7 hobgoblins
  3 jackals (D:1)
  13 kobolds
  4 quokkas
  5 frilled lizards
  4 jackal skeletons
  A quokka skeleton (D:9)
  A quokka zombie (D:5)
  11 rats
  8 fungi
  12 plants
645 creatures vanquished.

Vanquished Creatures (collateral kills)
  The ghost of PeterQ the Nimble, a journeyman GnGl of Uskayaw (D:12)
  A dancing weapon (D:12)
  A spiny frog (Lair:6)
  A polar bear (IceCv)
  3 blink frogs (Lair:6)
  A yak (IceCv)
  A vampire mosquito (Lair:6)
  A wolf (IceCv)
  A bullfrog (Lair:6)
11 creatures vanquished.

Vanquished Creatures (others)
  A polar bear (IceCv)
  13 fungi
  20 plants
34 creatures vanquished.

Grand Total: 690 creatures vanquished

Notes
Turn   | Place    | Note
-------+----------+-------------------------------------------
     0 | D:1      | Kohma the Minotaur Berserker began the quest for the Orb.
     0 | D:1      | Reached XP level 1. HP: 19/19 MP: 0/0
     6 | D:1      | Noticed a lindwurm
     6 | D:1      | Noticed an anaconda
     7 | D:1      | Noticed a komodo dragon
     7 | D:1      | Noticed a black bear
   163 | D:1      | Reached skill level 4 in Axes
   165 | D:1      | Reached XP level 2. HP: 27/27 MP: 1/1
   340 | D:1      | Reached XP level 3. HP: 33/33 MP: 2/2
   989 | D:2      | Noticed Natasha
   997 | D:2      | Killed Natasha
   997 | D:2      | Reached ** piety under Trog
   997 | D:2      | Reached XP level 4. HP: 35/41 MP: 3/3
  1067 | D:2      | Noticed Natasha
  1068 | D:2      | Reached skill level 5 in Axes
  1077 | D:2      | Killed Natasha
  1380 | D:2      | Noticed Natasha
  1390 | D:2      | Killed Natasha
  1390 | D:2      | Reached XP level 5. HP: 38/47 MP: 4/4
  1872 | D:2      | Found a hazy altar of Hepliaklqana.
  2308 | D:3      | Reached skill level 5 in Fighting
  2308 | D:3      | Reached skill level 6 in Axes
  2318 | D:3      | Reached XP level 6. HP: 50/56 MP: 5/5
  2840 | D:3      | Noticed Terence
  2847 | D:3      | Killed Terence
  2956 | D:3      | Reached *** piety under Trog
  3187 | D:4      | Reached skill level 7 in Axes
  3244 | D:4      | Reached skill level 5 in Armour
  3402 | D:4      | Found Iklul's Magic Scroll Shoppe.
  3407 | D:4      | Bought a scroll of fog for 20 gold pieces
  3407 | D:4      | Bought a scroll of magic mapping for 35 gold pieces
  3407 | D:4      | Bought a scroll of remove curse for 30 gold pieces
  3407 | D:4      | Bought a scroll of teleportation for 30 gold pieces
  3444 | D:4      | Reached XP level 7. HP: 62/62 MP: 6/6
  3624 | D:4      | Noticed Menkaure
  3638 | D:4      | Killed Menkaure
  3761 | D:5      | Entered Level 5 of the Dungeon
  3864 | D:5      | Reached skill level 8 in Axes
  4193 | D:5      | Reached XP level 8. HP: 71/71 MP: 7/7
  4375 | D:5      | Reached skill level 9 in Axes
  4594 | D:6      | Reached skill level 10 in Axes
  5092 | D:6      | Reached XP level 9. HP: 81/81 MP: 8/8
  5096 | D:6      | Reached **** piety under Trog
  5404 | D:7      | Found a staircase to the Ecumenical Temple.
  5533 | D:7      | Reached skill level 11 in Axes
  5663 | D:7      | Found Leryagg's General Store.
  5792 | D:8      | Noticed Maggie
  5810 | D:8      | Killed Maggie
  5965 | D:8      | Reached ***** piety under Trog
  5965 | D:8      | Received a gift from Trog
  6161 | D:8      | Noticed Psyche
  6168 | D:8      | Killed Psyche
  6168 | D:8      | Reached skill level 12 in Axes
  6323 | D:8      | Noticed a cyclops
  6331 | D:8      | Killed a cyclops
  6331 | D:8      | Reached XP level 10. HP: 77/91 MP: 9/9
  6822 | D:9      | Reached skill level 13 in Axes
  6932 | D:9      | Reached skill level 10 in Fighting
  7268 | D:10     | Entered Level 10 of the Dungeon
  7391 | D:10     | Noticed a two-headed ogre
  7399 | D:10     | Killed a two-headed ogre
  7399 | D:10     | Reached skill level 10 in Armour
  7411 | D:10     | Noticed a two-headed ogre
  7416 | D:10     | Killed a two-headed ogre
  7416 | D:10     | Reached skill level 14 in Axes
  7477 | D:10     | Found a portal to a secret trove of treasure.
  7630 | D:10     | Noticed an elephant
  7630 | D:10     | Noticed a gargoyle
  7631 | D:10     | Found a staircase to the Lair.
  7635 | D:10     | Reached XP level 11. HP: 97/101 MP: 10/10
  7997 | D:10     | Killed an unseen horror
  8061 | D:10     | Received a gift from Trog
  8062 | D:10     | Got a scorched executioner's axe {god gift}
  8063 | D:10     | Identified the +0 executioner's axe of the Gnat {vorpal,
                  | +Blink rN+ Str-5 Stlth+} (Trog gifted it to you on level 10
                  | of the Dungeon)
  8247 | D:11     | Found a staircase to the Orcish Mines.
  8305 | D:11     | Reached skill level 15 in Axes
  8437 | D:11     | Noticed a purple ugly thing
  8446 | D:11     | Killed a purple ugly thing
  8576 | D:11     | Received a gift from Trog
  8936 | D:11     | Found an ancient bone altar of Kikubaaqudgha.
  9419 | Lair:1   | Entered Level 1 of the Lair of Beasts
  9474 | Lair:1   | Noticed a seven-headed hydra
  9484 | Lair:1   | Killed a ten-headed hydra
  9726 | Lair:1   | Reached XP level 12. HP: 112/112 MP: 11/11
  9961 | Lair:1   | Reached skill level 16 in Axes
 10239 | Lair:1   | Noticed a five-headed hydra
 10251 | Lair:1   | Killed a 13-headed hydra
 11075 | Lair:2   | Found a hole to the Spider Nest.
 11192 | Lair:2   | Received a gift from Trog
 11361 | Lair:2   | Noticed a catoblepas
 11370 | Lair:2   | Killed a catoblepas
 11629 | Lair:3   | Found a staircase to the Swamp.
 11951 | Lair:3   | Reached skill level 17 in Axes
 12278 | Lair:3   | You fall into a shaft and drop 2 floors!
 12498 | Lair:4   | Got a sparkling golden ring
 12679 | Lair:4   | Noticed a seven-headed hydra
 12688 | Lair:4   | Killed an eight-headed hydra
 12993 | Lair:4   | Noticed an eight-headed hydra
 13000 | Lair:4   | Killed a 12-headed hydra
 13516 | Lair:5   | Reached XP level 13. HP: 117/122 MP: 12/12
 13542 | Lair:5   | Found a viscous altar of Jiyva.
 13542 | Lair:5   | Found a staircase to the Slime Pits.
 13548 | Lair:5   | Noticed Urug
 13572 | Lair:5   | Killed Urug
 13826 | Lair:5   | Received a gift from Trog
 13840 | Lair:5   | Reached skill level 18 in Axes
 14295 | Lair:5   | Got a slimy bone ring
 14343 | Lair:5   | Identified the ring "Keyrghizo" {rPois Str+6 Int-3} (You
                  | found it on level 4 of the Lair of Beasts)
 14345 | Lair:5   | Identified the ring "Wixi" {rPois rC+ Str+2 Dex+4 Stlth+}
                  | (You found it on level 5 of the Lair of Beasts)
 14607 | Lair:5   | Noticed Snorg
 14627 | Lair:5   | Killed Snorg
 14896 | Lair:6   | Entered Level 6 of the Lair of Beasts
 15818 | Lair:6   | Found the +7 captain's cutlass {speed, disarm}
 15883 | Lair:6   | Identified a scroll of acquirement
 15883 | Lair:6   | Identified the +1 chain mail "Ceawiry" {rElec rF++ MR+
                  | Stlth-} (You acquired it on level 6 of the Lair of Beasts)
 15913 | Lair:6   | Reached skill level 19 in Axes
 15927 | Lair:6   | Received a gift from Trog
 16650 | Orc:1    | Entered Level 1 of the Orcish Mines
 16845 | Orc:1    | Reached XP level 14. HP: 118/133 MP: 13/13
 16971 | Orc:1    | Noticed a stone giant
 16980 | Orc:1    | Killed a stone giant
 16980 | Orc:1    | Reached skill level 5 in Dodging
 17235 | D:7      | Bought a +2 plate armour of cold resistance for 440 gold
                  | pieces
 17235 | D:7      | Bought a scroll of magic mapping for 38 gold pieces
 17752 | Orc:1    | Noticed Gastronok
 17765 | Orc:1    | Killed Gastronok
 17819 | Orc:2    | Entered Level 2 of the Orcish Mines
 17904 | Orc:2    | Found a staircase to the Elven Halls.
 17975 | Orc:2    | Found Gintupt's Antique Armour Emporium.
 18113 | Orc:2    | Found Nali's Antique Weapon Shop.
 18124 | Orc:2    | Received a gift from Trog
 18238 | Orc:2    | Found Huhoushe's General Store.
 18238 | Orc:2    | Noticed a stone giant
 18257 | Orc:2    | Killed a stone giant
 18257 | Orc:2    | Reached skill level 15 in Armour
 18597 | Orc:2    | Found Zynijips's Jewellery Shop.
 19066 | D:12     | Found a frozen archway.
 19113 | D:12     | Found Puchaino's Antique Armour Shop.
 19149 | IceCv    | Entered an ice cave
 19158 | IceCv    | Received a gift from Trog
 19431 | IceCv    | Reached skill level 15 in Fighting
 19489 | IceCv    | Reached skill level 20 in Axes
 19525 | IceCv    | Noticed a frost giant
 19544 | IceCv    | Killed a frost giant
 19906 | D:12     | Found a shimmering altar of Xom.
 19906 | D:12     | Noticed PeterQ's ghost (journeyman GnGl)
 19906 | D:12     | Identified the +2 scythe of Exchange {chaos, rPois Str+2}
 19907 | D:12     | Found a runed translucent door.
 19916 | D:12     | Paralysed by a +2 scythe of Exchange {chaos, rPois Str+2}
                  | for 4 turns
 19925 | D:12     | Killed PeterQ's ghost
 19933 | D:12     | Got a transparent long sword
 20262 | D:12     | Found Assuos's Food Emporium.
 20406 | D:12     | Received a gift from Trog
 20445 | D:12     | Identified the +7 long sword of Gehuatess {vorpal, rElec
                  | rF- Str-3 SInv} (You found it on level 12 of the Dungeon)
 20554 | Orc:2    | Bought a scroll of brand weapon for 340 gold pieces
 21033 | D:13     | Noticed Azrael
 21044 | D:13     | Slain by a red ugly thing

Levels and vault maps discovered:
D:1:      onia_arrival_zoo_common, layout_loops_ring, minivault_5,
          minmay_door_square
D:2:      layout_basic, lemuel_doored_altar, first_ration, uniq_natasha
D:3:      layout_basic, minivault_24, uniq_terence
D:4:      black_bear_nest_1, layout_gridville, serial_shops, nicolae_shop_stone,
          uniq_menkaure
D:5:      layout_basic, minmay_misc_feat_cross
D:6:      layout_loops_cross, minivault_14
D:7:      layout_loops_ring, minmay_temple_entry_from_below_a, serial_shops,
          nicolae_shop_trees
D:8:      layout_basic, uniq_maggie, uniq_psyche
D:9:      layout_loops_cross
D:10:     layout_gridville, david_lair_generic, nicolae_trove_entry_path_of_doom
D:11:     statuecave_lemuel, layout_basic, erik_orc_3, basic_altar,
          blue_anna_alchemist [blue_anna_fruit_fields, blue_anna_fruit_fields]
D:12:     layout_long_grid, portal_ice_cave_entry_imps, serial_shops, shop,
          shop, ebering_ghost_xom, grunt_decor_mini_mirrors,
          lightli_wizard_tower
D:13:     layout_basic, drop_trap, lemuel_flame_loot_1, uniq_azrael
Lair:1:   layout_cave_pods
Lair:2:   layout_long_grid, spider_nest_entry_webs, grunt_megastairs_2
Lair:3:   layout_chaotic_city, skrybe_swamp_entry_bodies
Lair:4:   layout_layer_cave, grunt_megastairs_4
Lair:5:   layout_regular_city, slime_altar_1, minmay_lair_oklob_chamber,
          uniq_urug, uniq_snorg
Lair:6:   minmay_lair_end_frog_pond, layout_cave_pods
Orc:1:    layout_diamond_mine, uniq_gastronok
Orc:2:    grunt_orc_gardens, layout_caves, grunt_orc_garden, grunt_orc_garden,
          grunt_orc_garden, grunt_orc_garden

Skill      XL: |  1  2  3  4  5  6  7  8  9 10 11 12 13 14 |
---------------+-------------------------------------------+-----
Axes           | 4 5 6 7 8 10 12 14 15 17 19 20 | 20.4
Fighting       | 4 5 6 7 9 10 12 13 14 15 | 15.0
Armour         | 3 4 5 6 7 9 10 11 13 14 16 | 16.3
Dodging        | 4 7 |  7.6

Action                   |  1- 3 |  4- 6 |  7- 9 | 10-12 | 13-15 || total
-------------------------+-------+-------+-------+-------+-------++-------
Melee: Hand axe          |    59 |    81 |       |       |       ||   140
       Headbutt          |     8 |    26 |    49 |   101 |   156 ||   340
       Battleaxe         |       |    43 |   233 |   477 |   399 ||  1152
       Executioner's axe |       |       |       |     4 |   253 ||   257
Throw: Dart              |       |       |       |     5 |       ||     5
       Javelin           |       |       |       |       |     3 ||     3
Invok: Berserk           |     1 |     1 |     1 |     1 |     1 ||     5
       Trog's Hand       |       |       |       |       |     3 ||     3
       Brothers in Arms  |       |       |       |       |     3 ||     3
 Abil: Evoke Flight      |       |       |       |       |     2 ||     2
       Evoke Blink       |       |       |       |       |     1 ||     1
Evoke: Wand              |       |       |     3 |    10 |     1 ||    14
  Use: Scroll            |       |     7 |     8 |    12 |     5 ||    32
       Potion            |       |       |       |     1 |     2 ||     3
 Stab: Sleeping          |     3 |       |       |       |       ||     3
       Distracted        |       |       |       |       |     1 ||     1
  Eat: Chunk             |     1 |     9 |    12 |    20 |    22 ||    64
       Ration            |       |       |       |     2 |     2 ||     4
Armor: Animal skin       |     6 |       |       |       |       ||     6
       Ring mail         |     6 |    19 |       |       |       ||    25
       Chain mail        |       |    49 |   148 |   420 |   188 ||   805
       Plate armour      |       |       |       |       |   278 ||   278
Dodge: Dodged            |    38 |    59 |   116 |   261 |   371 ||   845

Table legend:
 A = Non-vault XP
 B = Vault XP
 C = Vault XP percentage of total XP
 D = Non-vault monster count
 E = Vault monster count
 F = Vault count percentage of total count
                 A         B        C        D         E       F
            +---------+---------+-------+---------+---------+-------
      Total |   55472 |   46630 |  45.7 |     471 |     166 |  26.1
            +---------+---------+-------+---------+---------+-------
        D:1 |      69 |       0 |   0.0 |      30 |       0 |   0.0
        D:2 |     116 |      35 |  23.2 |      20 |       1 |   4.8
        D:3 |     297 |      36 |  10.8 |      16 |       1 |   5.9
        D:4 |     180 |     289 |  61.6 |      12 |       2 |  14.3
        D:5 |     767 |       0 |   0.0 |      19 |       0 |   0.0
        D:6 |    1060 |       0 |   0.0 |      28 |       0 |   0.0
        D:7 |     640 |       0 |   0.0 |      17 |       0 |   0.0
        D:8 |    1720 |     857 |  33.3 |      26 |       2 |   7.1
        D:9 |    2410 |       0 |   0.0 |      25 |       0 |   0.0
       D:10 |    4401 |    1381 |  23.9 |      31 |       5 |  13.9
       D:11 |    4205 |     816 |  16.3 |      42 |      16 |  27.6
       D:12 |    5064 |    2265 |  30.9 |      30 |      16 |  34.8
       D:13 |    2367 |     834 |  26.1 |       8 |       5 |  38.5
     Lair:1 |    5463 |       0 |   0.0 |      20 |       0 |   0.0
     Lair:2 |    4065 |     628 |  13.4 |      16 |       4 |  20.0
     Lair:3 |    2777 |     431 |  13.4 |      14 |       2 |  12.5
     Lair:4 |    3408 |    2051 |  37.6 |       8 |       9 |  52.9
     Lair:5 |    5229 |    5146 |  49.6 |      25 |      10 |  28.6
     Lair:6 |    3713 |   11268 |  75.2 |      14 |      44 |  75.9
      Orc:1 |    5640 |    2307 |  29.0 |      40 |       1 |   2.4
      Orc:2 |    1881 |    9028 |  82.8 |      30 |      12 |  28.6
      IceCv |       0 |    9258 | 100.0 |       0 |      36 | 100.0
            +---------+---------+-------+---------+---------+-------
